 Dungeon Crawl Stone Soup version 0.22.1-2-g9c5b331 (webtiles) character file.

3050 teukkam the Protected (level 9, 0/82 HPs)
             Began as a Minotaur Fighter on Nov 22, 2018.
             Was a Follower of Wu Jian.
             Slain by a killer bee (2 damage)
             ... on level 8 of the Dungeon.
             The game lasted 00:28:41 (6637 turns).

teukkam the Protected (Minotaur Fighter)            Turns: 6637, Time: 00:28:42

Health: 0/82       AC: 11    Str: 27    XL:     9   Next: 57%
Magic:  8/8        EV: 10    Int:  5    God:    Wu Jian [*.....]
Gold:   461        SH:  2    Dex: 10    Spells: 8/8 levels left

rFire    + . .     SeeInvis .   a - +0 war axe
rCold    . . .     Gourm    .   (no shield)
rNeg     . . .     Faith    .   h - +1 ring mail {rF+}
rPois    .         Spirit   .   I - +2 hat
rElec    .         Reflect  +   v - +0 cloak
rCorr    .         Harm     .   (no gloves)
MR       .....                  (no boots)
Stlth    ..........             j - +2 amulet of reflection
HPRegen  0.23/turn              r - +3 ring of strength
MPRegen  0.11/turn              (no ring)

@: no status effects
A: retaliatory headbutt, horns 2
a: Renounce Religion


You were on level 8 of the Dungeon.
You worshipped Wu Jian.
Wu Jian was aware of your devotion.
You were very hungry.

You visited 2 branches of the dungeon, and saw 9 of its levels.
You also visited: Ossuary.

You collected 461 gold pieces.

Inventory:

Hand Weapons
 a - a +0 war axe (weapon)
 b - a +1 shortbow
Missiles
 g - 144 bolts
 m - 79 arrows
 o - 25 poisoned needles
 x - 4 silver tomahawks (quivered)
 C - 59 sling bullets
 D - 136 stones
Armour
 c - a +0 shield
 h - a +1 ring mail of fire resistance (worn)
 v - a +0 cloak (worn)
 I - a +2 hat (worn)
Magical Staves
 J - an uncursed staff of cold
Jewellery
 j - a +2 amulet of reflection (around neck)
 r - a +3 ring of strength (left hand)
 y - an uncursed amulet of guardian spirit
Wands
 i - a wand of iceblast (2)
 z - a wand of disintegration (16)
 G - a wand of random effects (25)
 K - a wand of flame (24)
Scrolls
 k - 8 scrolls of identify
 l - 2 scrolls of fear
 q - a scroll of teleportation
 s - 2 scrolls of noise {unknown}
 A - a scroll of fog {unknown}
 B - 3 scrolls of enchant weapon
 E - 3 scrolls of immolation {unknown}
 F - 2 scrolls of remove curse
 H - a scroll of enchant armour
Potions
 d - 3 potions of might
 e - 3 potions of ambrosia
 n - 5 potions of curing
 p - 3 potions of berserk rage {unknown}
 t - a potion of resistance {unknown}
 u - 2 potions of brilliance {unknown}
 w - 3 potions of flight {unknown}
Comestibles
 f - 10 rations


   Skills:
 + Level 8.6 Fighting
 + Level 8.2 Axes
 + Level 5.7 Bows
 + Level 8.7 Armour
 - Level 6.7 Shields


You had 8 spell levels left.
You didn't know any spells.
Your spell library was empty.

Dungeon Overview and Level Annotations

Branches:
Dungeon (8/15)             Temple (1/1) D:6
   Lair: D:8-11

Altars:
Ashenzari
Cheibriados
Dithmenos
Elyvilon
Fedhas
Gozag
Hepliaklqana
Kikubaaqudgha
Makhleb
Nemelex Xobeh
Okawaru
Qazlal
Ru
Sif Muna
Trog
Uskayaw
Vehumet
Wu Jian
Xom
Yredelemnul
Zin
The Shining One

Shops:
D:4 =


Innate Abilities, Weirdness & Mutations

You reflexively headbutt those who attack you in melee.
You have a pair of horns on your head.


Message History

The killer bee buzzes angrily.
The ice beast looks frightened!
The shadow imp is unaffected.
The hound looks frightened!
The hound barks!
You hear a shout!
You see here a wand of flame (24).
K - a wand of flame (24)
Found a stone staircase leading up.
The shadow imp gestures at you. Pain shoots through your body!
* * * LOW HITPOINT WARNING * * *
The shadow imp grinds its teeth.
The shadow imp laughs crazily.
The shadow imp gestures at you. Pain shoots through your body!
* * * LOW HITPOINT WARNING * * *
The killer bee stings you but does no damage.
Found a warped diamond amulet.
A wight comes into view. It is wielding an enchanted falchion.
The killer bee stings you.
You die...

.#. .... ...# #....
$...######....#
......#.......####
z.................
...................
......<.............
.......@.............
.......y..............
##....##.y............
#."## ##.............
## ##.5..........
#..y.........
#.#...........
#.###.......... ..#
#..........


You could see 3 killer bees, a wight and a shadow imp.

Vanquished Creatures
  Grinder (D:5)
  Sigmund (D:5)
  4 hogs (D:7)
  A human (D:7)
  2 phantoms (D:6)
  2 ogres
  3 centaurs
  An elf zombie (Ossuary)
  Blork the orc (D:5)
  4 bullfrogs
  3 howler monkeys (D:7)
  3 crimson imps
  2 centaur zombies (Ossuary)
  A quasit (D:7)
  A human zombie (Ossuary)
  A jelly (D:5)
  An orc priest (D:4)
  A hound (D:4)
  2 bullfrog skeletons
  3 iguanas
  Natasha (thrice) (D:2)
  Terence (D:2)
  2 worker ants (D:4)
  A big kobold zombie (Ossuary)
  2 mummies (Ossuary)
  A worker ant zombie (D:3)
  A howler monkey skeleton (D:5)
  9 adders
  3 shadow imps (D:5)
  2 adder zombies (Ossuary)
  2 adder skeletons
  2 dart slugs
  4 leopard geckos
  10 orcs
  10 bats
  8 giant cockroaches
  8 goblins
  4 hobgoblins
  5 jackals
  4 quokkas
  5 frilled lizards
  A goblin zombie (Ossuary)
  7 hobgoblin zombies (Ossuary)
  A jackal zombie (Ossuary)
  8 kobolds
  11 kobold zombies (Ossuary)
  9 orc zombies (Ossuary)
  3 quokka skeletons
  7 rats
  A rat zombie (Ossuary)
173 creatures vanquished.

Notes
Turn   | Place    | Note
-------+----------+-------------------------------------------
     0 | D:1      | teukkam the Minotaur Fighter began the quest for the Orb.
     0 | D:1      | Reached XP level 1. HP: 19/19 MP: 0/0
   169 | D:2      | Reached XP level 2. HP: 21/27 MP: 1/1
   287 | D:4      | Reached XP level 3. HP: 23/33 MP: 2/2
   707 | D:4      | Found Sebresye's Jewellery Shop.
   872 | D:4      | Reached XP level 4. HP: 16/41 MP: 3/3
  1317 | D:4      | Reached XP level 5. HP: 46/47 MP: 4/4
  1440 | D:5      | Entered Level 5 of the Dungeon
  1442 | D:5      | Found a sand-covered staircase.
  1451 | Ossuary  | Entered an ossuary
  1589 | Ossuary  | Reached skill level 5 in Shields
  1592 | Ossuary  | Reached skill level 5 in Fighting
  1592 | Ossuary  | Reached skill level 5 in Armour
  1601 | Ossuary  | Reached XP level 6. HP: 41/56 MP: 5/5
  1885 | D:5      | Found an opulent altar of Gozag.
  1886 | D:5      | Found a glowing silver altar of Zin.
  1928 | D:5      | Noticed Sigmund
  1932 | D:5      | Reached XP level 7. HP: 59/61 MP: 6/6
  1932 | D:5      | Noticed Grinder
  1934 | D:5      | Killed Sigmund
  1934 | D:5      | Reached skill level 5 in Axes
  1934 | D:5      | Reached skill level 1 in Bows
  1935 | D:5      | Noticed Blork the orc
  1939 | D:5      | Killed Grinder
  1972 | D:6      | Found a blossoming altar of Fedhas.
  1973 | D:6      | Found an ancient bone altar of Kikubaaqudgha.
  2011 | D:6      | Found a staircase to the Ecumenical Temple.
  2038 | Temple   | Entered the Ecumenical Temple
  2262 | D:6      | Reached XP level 8. HP: 65/71 MP: 7/7
  2492 | D:6      | Found a burning altar of Makhleb.
  2630 | D:5      | Killed Blork the orc
  2685 | D:5      | Found a shattered altar of Ashenzari.
  3288 | D:3      | Found a shattered altar of Ashenzari.
  3595 | D:1      | Found a sparkling altar of Nemelex Xobeh.
  4078 | D:2      | Noticed Terence
  4082 | D:2      | Killed Terence
  4296 | D:2      | Found an ornate altar of the Wu Jian Council.
  4302 | D:2      | Became a worshipper of the Wu Jian Council
  4328 | D:2      | Noticed Natasha
  4332 | D:2      | Killed Natasha
  4389 | D:2      | Noticed Natasha
  4395 | D:2      | Killed Natasha
  4410 | D:2      | Found a radiant altar of Vehumet.
  4709 | D:2      | Noticed Natasha
  4718 | D:2      | Killed Natasha
  4898 | D:3      | Found an iron altar of Okawaru.
  5534 | D:7      | Reached XP level 9. HP: 60/80 MP: 8/8
  5903 | D:7      | Reached skill level 5 in Bows
  5905 | D:7      | Reached * piety under Wu Jian
  6254 | D:7      | Found a sparkling altar of Nemelex Xobeh.
  6464 | D:8      | Noticed a death yak
  6466 | D:8      | Noticed a death yak
  6588 | D:8      | Noticed a death yak
  6636 | D:8      | HP: 2/82 [shadow imp/nerve-wracking pain (14)]
  6637 | D:8      | Slain by a killer bee

Skill      XL: |  1  2  3  4  5  6  7  8  9 |
---------------+----------------------------+-----
Shields        | 4 5 6 |  6.7
Armour         | 4 5 6 7 8 |  8.7
Fighting       | 4 5 6 7 8 |  8.6
Axes           | 3 4 5 7 8 |  8.2
Bows           | 2 4 5 |  5.7

Action                   |  1- 3 |  4- 6 |  7- 9 || total
-------------------------+-------+-------+-------++-------
Melee: War axe           |    56 |   117 |   197 ||   370
       Headbutt          |     6 |    27 |    36 ||    69
 Fire: Shortbow          |       |     2 |    96 ||    98
Throw: Tomahawk          |       |       |     9 ||     9
Invok: Lunge             |       |       |    10 ||    10
       Whirlwind         |       |       |    15 ||    15
Evoke: Wand              |       |       |     8 ||     8
  Use: Scroll            |     5 |       |     5 ||    10
       Potion            |       |     1 |     1 ||     2
  Eat: Ration            |       |     1 |     2 ||     3
       Chunk             |       |       |     7 ||     7
Armor: Ring mail         |    14 |    36 |   109 ||   159
Dodge: Dodged            |    21 |    30 |   105 ||   156
Block: Shield            |    36 |    76 |       ||   112
       Reflection        |       |     1 |       ||     1
       Other             |       |       |    14 ||    14
